 Dungeon Crawl Stone Soup version 0.28-a0-802-g09f76e8c00 (webtiles) character file.

Game seed: 7267482419855468801

22052 pokeman the Eclecticist (level 12, -14/67 HPs)
             Began as a Deep Elf Hedge Wizard on Nov 6, 2021.
             Was a Priest of Vehumet.
             Killed from afar by an ice dragon (37 damage)
             ... with a blast of cold
             ... on level 13 of the Dungeon.
             The game lasted 00:45:50 (15623 turns).

pokeman the Eclecticist (Deep Elf Hedge Wizard)    Turns: 15623, Time: 00:45:52

Health: -14/67     AC: 18    Str:  7    XL:     12   Next: 59%
Magic:  20/35      EV: 11    Int: 25    God:    Vehumet [***...]
Gold:   20         SH:  7    Dex: 14    Spells: 12/46 levels left

rFire   . . .      SeeInvis .   M - +5 spear (venom)
rCold   . . .      Faith    .   C - -3 buckler "Dehut" {Will+}
rNeg    . . .      Spirit   .   d - +0 acid dragon scales
rPois   .          Reflect  +   t - +1 helmet
rElec   .          Harm     .   r - +1 cloak
rCorr   +          Rampage  .   k - +0 pair of gloves
Will    +++..                   W - +1 pair of boots
Stlth   ++........              T - amulet of reflection
HPRegen 0.21/turn               g - ring of willpower
MPRegen 0.24/turn               U - +4 ring of protection

@: no status effects
A: no striking features
a: Renounce Religion


You were on level 13 of the Dungeon.
You worshipped Vehumet.
Vehumet was most pleased with you.
You visited 2 branches of the dungeon, and saw 14 of its levels.

You collected 803 gold pieces.
You spent 783 gold pieces at shops.

Inventory:

Hand Weapons
 K - a +0 hand crossbow of freezing
 M - a +5 spear of venom (weapon)
Missiles
 J - 3 curare-tipped darts
 L - 48 bolts
Armour
 d - +0 acid dragon scales (worn)
 k - a +0 pair of gloves (worn)
 r - a +1 cloak (worn)
 t - a +1 helmet (worn)
 C - the -3 buckler "Dehut" (worn) {Will+}
   (You bought it in a shop on level 6 of the Dungeon)

   Will:      It increases your willpower.
 W - a +1 pair of boots (worn)
Jewellery
 g - a ring of willpower (left hand)
 q - an amulet of regeneration
 T - an amulet of reflection (around neck)
 U - a +4 ring of protection (right hand)
Wands
 N - a wand of acid (13)
Scrolls
 a - 4 scrolls of blinking
 f - 8 scrolls of teleportation
 O - 3 scrolls of magic mapping
 X - a scroll of immolation {unknown}
Potions
 l - 6 potions of curing
 x - a potion of heal wounds
 z - 2 potions of magic {unknown}
 A - 2 potions of invisibility {unknown}
 B - a potion of brilliance {unknown}
 D - a potion of might {unknown}
 E - a potion of berserk rage {unknown}
 P - a potion of cancellation {unknown}
 R - a potion of haste {unknown}
 V - a potion of flight {unknown}


   Skills:
 + Level 4.4 Fighting
 - Level 4.2 Armour
 - Level 3.0 Dodging
 - Level 4.1 Stealth
 - Level 4.0 Shields
 * Level 17.6 Spellcasting
 + Level 10.5 Conjurations
 - Level 1.1 Summonings
 - Level 1.1 Translocations
 - Level 1.0 Transmutations
 + Level 9.5 Fire Magic
 - Level 1.1 Ice Magic
 - Level 2.1 Air Magic
 - Level 1.1 Earth Magic
 - Level 1.3 Poison Magic
 - Level 1.0 Evocations


You had 12 spell levels left.
You knew the following spells:

 Your Spells              Type           Power      Damage    Failure   Level
a - Magic Dart            Conj           100%       1d8       1%          1
b - Mephitic Cloud        Conj/Pois/Air  45%        N/A       1%          3
c - Call Imp              Summ           27%        N/A       3%          2
d - Blink                 Tloc           54%        N/A       3%          2
e - Conjure Flame         Conj/Fire      64%        6-21      1%          3
f - Fireball              Conj/Fire      32%        3d14      1%          5
g - Starburst             Conj/Fire      32%        6d10      2%          6
h - Wereblood             Tmut           27%        N/A       4%          2
i - Lightning Bolt        Conj/Air       26%        1d42      2%          5
j - Freezing Cloud        Conj/Ice/Air   22%        6-21      4%          5

Your spell library contained the following spells:

 Spells                   Type           Power      Damage    Failure   Level
 Ignite Poison            Fire/Tmut/Pois 41%        N/A       1%          3
 Static Discharge         Conj/Air       52%        N/A       1%          2
 Dazzling Flash           Conj/Hex       96%        N/A       1%          3
 Iskenderun's Mystic Bla  Conj/Tloc      50%        2d11      1%          4
 Beastly Appendage        Tmut           54%        N/A       2%          1
 Animate Skeleton         Necr           44%        N/A       4%          1
 Pain                     Necr           88%        1d8       4%          1
 Slow                     Hex            88%        N/A       4%          1
 Airstrike                Air            16%        N/A       4%          4
 Spider Form              Tmut/Pois      28%        N/A       8%          3
 Vampiric Draining        Necr           22%        2d7       12%         3
 Summon Lightning Spire   Summ/Air       30%        N/A       21%         4
 Animate Dead             Necr           11%        N/A       38%         4
 Ignition                 Fire           31%        3d10      75%         8
 Simulacrum               Ice/Necr       12%        N/A       99%         6
 Haunt                    Necr/Summ      12%        N/A       100%        7
 Infestation              Necr           11%        N/A       100%        8
 Maxwell's Capacitive Co  Air            16%        ∞         100%        8
 Chain Lightning          Conj/Air       26%        3d34      100%        9
 Fire Storm               Conj/Fire      32%        8d8       100%        9
 Polar Vortex             Ice            13%        N/A       100%        9
 Shatter                  Erth           13%        3d14*     100%        9


Dungeon Overview and Level Annotations

Branches:
Dungeon (13/15)            Temple (1/1) D:7            Lair (0/6) D:11
    Orc (0/2) D:9
 Vaults: D:13-14

Altars:
Elyvilon
Fedhas
Hepliaklqana
Kikubaaqudgha
Nemelex Xobeh
Qazlal
Ru
Sif Muna
Trog
Uskayaw
Vehumet
Wu Jian
Xom
The Shining One

Shops:
D:6 =![[[   D:9 [   D:12 (


Message History

The centaur warrior is engulfed in freezing vapours.
You kill the centaur warrior!
Vehumet accepts your kill.
The ice dragon is engulfed in freezing vapours.
The skeletal warrior is engulfed in freezing vapours.
Unknown command.
The ice dragon is engulfed in freezing vapours.
The ice dragon is engulfed in freezing vapours.
The ice dragon is engulfed in freezing vapours.
Casting: Freezing Cloud (dangerous; 4% risk of failure)
Confirm with . or Enter, or press ? or * to list all spells.
Casting: Starburst (dangerous; 2% risk of failure)
Press: ? - help, Dir - look around, f - activate The bolt of fire hits the freezing wraith!!
The freezing wraith is burned terribly!
The freezing wraith is heavily damaged.
The ice dragon is engulfed in freezing vapours.
The skeletal warrior is engulfed in freezing vapours.
Casting: Starburst (dangerous; 2% risk of failure)
Confirm with . or Enter, or press ? or * to list all spells.
Casting: Starburst (dangerous; 2% risk of failure)
Press: ? - help, Dir - look around, f - activate The bolt of fire hits the freezing wraith!!
The freezing wraith is burned terribly!
You destroy the freezing wraith!
Vehumet accepts your kill.
You feel your power returning.
The bolt of fire hits the ice dragon!!!
The ice dragon is burned terribly!
The ice dragon is heavily wounded.
Unknown command.
Casting: Starburst (dangerous; 2% risk of failure)
Confirm with . or Enter, or press ? or * to list all spells.
Casting: Starburst (dangerous; 2% risk of failure)
Press: ? - help, Dir - look around, f - activate The bolt of fire hits the ice dragon!!
The ice dragon is burned terribly!
The ice dragon is severely wounded.
The ice dragon breathes frost at you. The blast of cold hits you!!!
Ouch! That really hurt!
You die...

###.###.###.# #.# #..#.#
........# #.# #.# #.#..#.####
###.###.###.####.######.#........
.......................>.........
#+#####.#.#.#.##.###.##.#.##.####
. #.#.#..................# .
#.#.#.#.######.##.#.##.# ..
#.#.#..................# ..
#.........@.........##.# #
#.#.....##.###.##.#.##.#
#.#.#.#.##.....##.#.##.#
#.#.#.#.##.###.##.#.##.#
#.#...##D# #.##.#.##.#
.......z.###.........# .
........§............# .
#######z#######.#.#..# . #.#
#.#.#..##


You could see an ice dragon (catching breath) and 2 skeletal warriors.

Vanquished Creatures
  Snorg (D:11)
  Harold (D:9)
  Erolcha (D:12)
  2 hydras
  A centaur warrior (D:13)
  The ghost of Pooter the Severer, a novice MiBe of Trog (D:11)
  A two-headed ogre (D:8)
  A tengu warrior (D:13)
  Nergalle (D:11)
  A wizard (D:11)
  3 ugly things
  4 cyclopes
  Joseph (D:7)
  An efreet (D:12)
  A freezing wraith (D:13)
  3 trolls
  2 dream sheep (D:9)
  4 slime creatures (D:12)
  2 shadows (D:11)
  Sigmund (D:4)
  2 steam dragons
  22 yaks
  A wraith (D:11)
  A vampire (D:12)
  A basilisk (D:12)
  2 wargs (D:11)
  A water moccasin (D:8)
  2 acid dragons (D:13)
  12 orc warriors
  2 sky beasts
  2 ice beasts
  A necrophage (D:7)
  An ogre (D:9)
  3 centaurs
  A phantom (D:4)
  9 kobold brigands
  Blork the orc (D:4)
  2 scorpions
  3 gnoll sergeants
  A water moccasin zombie (D:6)
  6 wights (D:9)
  6 howler monkeys
  5 electric eels (D:6)
  5 centaur zombies
  4 hounds
  An orc priest (D:7)
  A centaur skeleton (D:4)
  2 bullfrog skeletons
  10 orc wizards
  A hound skeleton (D:2)
  A howler monkey zombie (D:8)
  16 gnolls
  A howler monkey skeleton (D:5)
  7 adders
  2 white imps
  An ufetubus (D:4)
  A worm (D:3)
  2 dart slugs
  27 orcs
  6 bats
  7 endoplasms
  2 giant cockroaches (D:1)
  2 goblins
  10 hobgoblins
  2 quokkas
  7 ball pythons
  2 frilled lizards
  25 kobolds
  A quokka skeleton (D:4)
  4 rats
270 creatures vanquished.

Vanquished Creatures (others)
  A kobold (D:6)
  5 fungi (D:6)
  33 plants
39 creatures vanquished.

Grand Total: 309 creatures vanquished

Notes
Turn   | Place    | Note
-------+----------+-------------------------------------------
     0 | D:1      | pokeman the Deep Elf Hedge Wizard began the quest for the
                  | Orb.
     0 | D:1      | Reached XP level 1. HP: 10/10 MP: 7/7
   216 | D:1      | Found a faded altar of an unknown god.
   227 | D:1      | Reached XP level 2. HP: 15/15 MP: 2/9
   791 | D:1      | Reached skill level 5 in Spellcasting
  1048 | D:1      | Reached XP level 3. HP: 20/20 MP: 6/11
  1052 | D:1      | Learned a level 3 spell: Mephitic Cloud
  1055 | D:1      | Learned a level 2 spell: Call Imp
  1058 | D:1      | Learned a level 2 spell: Blink
  1062 | D:1      | Learned a level 3 spell: Conjure Flame
  1527 | D:2      | Reached skill level 1 in Armour
  1698 | D:2      | Reached skill level 1 in Fighting
  2317 | D:3      | Reached XP level 4. HP: 25/25 MP: 10/13
  2615 | D:3      | Reached skill level 1 in Fire Magic
  3146 | D:3      | Reached skill level 6 in Spellcasting
  3348 | D:4      | Found a glowing golden altar of the Shining One.
  3351 | D:4      | Reached XP level 5. HP: 29/29 MP: 13/15
  3523 | D:4      | Noticed Sigmund
  3531 | D:4      | Killed Sigmund
  3532 | D:4      | Reached skill level 1 in Air Magic
  3532 | D:4      | Reached XP level 6. HP: 34/34 MP: 2/17
  3709 | D:4      | Reached skill level 7 in Spellcasting
  4001 | D:4      | Noticed Blork the orc
  4010 | D:4      | Killed Blork the orc
  4023 | D:4      | Reached XP level 7. HP: 25/38 MP: 3/20
  4089 | D:4      | Reached skill level 1 in Earth Magic
  4697 | D:5      | Entered Level 5 of the Dungeon
  4710 | D:5      | Reached skill level 8 in Spellcasting
  4839 | D:5      | Reached skill level 1 in Evocations
  4908 | D:5      | Learned a level 5 spell: Lightning Bolt
  4911 | D:5      | Learned a level 2 spell: Wereblood
  5011 | D:5      | Reached skill level 1 in Poison Magic
  5815 | D:6      | Found a hide-covered altar of Uskayaw.
  5832 | D:6      | Reached skill level 1 in Transmutations
  5978 | D:6      | Found Utreet's Antique Armour Shop.
  5979 | D:6      | Found Fatedud's Antique Armour Emporium.
  6117 | D:6      | Reached XP level 8. HP: 42/44 MP: 14/22
  6212 | D:6      | Reached skill level 9 in Spellcasting
  6377 | D:6      | Found Icae's Distillery.
  6382 | D:6      | Bought a potion of curing for 36 gold pieces
  6419 | D:6      | Reached skill level 5 in Conjurations
  6592 | D:6      | Reached skill level 10 in Spellcasting
  6635 | D:6      | Learned a level 6 spell: Starburst
  6757 | D:6      | Found Bizicwim's Jewellery Shoppe.
  6863 | D:6      | Found Finusiur's Antique Armour Shop.
  7147 | D:6      | Identified the +5 spear "Watac" {antimagic, rC+}
  7447 | D:7      | Reached XP level 9. HP: 47/49 MP: 13/25
  7596 | D:7      | Found a staircase to the Ecumenical Temple.
  7604 | Temple   | Entered the Ecumenical Temple
  7656 | Temple   | Became a worshipper of Vehumet
  7719 | D:7      | Reached skill level 11 in Spellcasting
  8234 | D:7      | Noticed Joseph
  8272 | D:7      | Killed Joseph
  8531 | D:6      | Bought a polished buckler for 237 gold pieces
  8531 | D:6      | Identified the -3 buckler "Dehut" {Will+} (You bought it in
                  | a shop on level 6 of the Dungeon)
  8546 | D:8      | Noticed a two-headed ogre
  8684 | D:8      | Reached skill level 12 in Spellcasting
  8686 | D:8      | Reached skill level 5 in Fire Magic
  8797 | D:8      | Killed a two-headed ogre
  8798 | D:8      | Reached skill level 1 in Shields
  8798 | D:8      | Reached XP level 10. HP: 56/56 MP: 4/28
  8950 | D:8      | Reached skill level 13 in Spellcasting
  8955 | D:8      | Reached * piety under Vehumet
  8955 | D:8      | Offered knowledge of Freeze by Vehumet.
  9330 | D:8      | Identified the +2 pair of gloves of Negation {Harm Drain
                  | Str+3}
  9547 | D:9      | Found Hefeiwk's Armour Shop.
  9730 | D:8      | Reached skill level 14 in Spellcasting
  9744 | D:9      | Noticed Harold
 10441 | D:9      | Reached ** piety under Vehumet
 10441 | D:9      | Offered knowledge of Scorch by Vehumet.
 10465 | D:9      | Reached XP level 11. HP: 60/60 MP: 26/31
 10761 | D:9      | Found a staircase to the Orcish Mines.
 10799 | D:9      | Noticed a two-headed hydra
 10810 | D:9      | Killed a two-headed hydra
 11047 | D:9      | Killed Harold
 11048 | D:9      | Reached skill level 15 in Spellcasting
 11185 | D:6      | Bought a glowing helmet for 180 gold pieces
 11241 | D:10     | Entered Level 10 of the Dungeon
 11369 | D:10     | Offered knowledge of Ignite Poison by Vehumet.
 11517 | D:10     | Found a runed translucent gate.
 11517 | D:10     | Found a runed translucent gate.
 11517 | D:10     | Found a runed translucent gate.
 11520 | D:10     | Noticed Pooter's ghost (novice MiBe)
 11937 | D:11     | Noticed a green ugly thing
 11988 | D:11     | Killed a green ugly thing
 12081 | D:11     | Noticed Snorg
 12089 | D:11     | Killed Snorg
 12430 | D:11     | Noticed a wizard
 12440 | D:11     | Killed a wizard
 12596 | D:11     | Learned a level 5 spell: Fireball
 12628 | D:11     | Noticed Nergalle
 12628 | D:11     | Reached *** piety under Vehumet
 12629 | D:11     | Reached skill level 16 in Spellcasting
 12677 | D:11     | Killed Nergalle
 12794 | D:11     | Found a staircase to the Lair.
 13120 | D:11     | Reached XP level 12. HP: 63/64 MP: 34/34
 13543 | D:11     | Killed Pooter's ghost
 13809 | D:12     | Noticed Erolcha
 13814 | D:12     | Killed Erolcha
 13820 | D:12     | Noticed a seven-headed hydra
 13966 | D:12     | Killed a seven-headed hydra
 13967 | D:12     | Reached skill level 10 in Conjurations
 14182 | D:12     | Learned a level 5 spell: Freezing Cloud
 14243 | D:12     | Reached skill level 17 in Spellcasting
 14462 | D:12     | Found Roivabrigh's Antique Weapon Emporium.
 14514 | D:12     | Reached skill level 1 in Ice Magic
 15146 | D:13     | Identified the +4 scale mail "Adippor" {Fly rC+ Will++
                  | Str-2}
 15356 | D:6      | Bought a pair of runed boots for 150 gold pieces
 15406 | D:6      | Bought a pair of glowing boots for 180 gold pieces
 15608 | D:13     | Noticed a centaur warrior
 15608 | D:13     | Noticed a tengu warrior
 15611 | D:13     | Noticed an ice dragon
 15611 | D:13     | Killed a tengu warrior
 15612 | D:13     | Noticed a five-headed hydra
 15615 | D:13     | Killed a centaur warrior
 15623 | D:13     | Killed from afar by an ice dragon

Illustrated notes

Levels and vault maps discovered:
D:1:      dpeg_arrival_round_a, layout_basic, chequers_ecumenical_altar_island,
          minmay_misc_feat_tower
D:2:      layout_rooms, minmay_misc_feat_iff
D:3:      layout_rooms
D:4:      layout_basic, mainiacjoe_overflow_catwalk, uniq_blork_the_orc,
          uniq_sigmund
D:5:      layout_loops_ring, minmay_misc_feat_enclosed, minmay_splitting_lines,
          minmay_crystal_water
D:6:      layout_basic, mainiacjoe_overflow_cross_hatched, serial_bayou,
          serial_bayou_lagoon_b, serial_bayou_pond_d, serial_bayou_shore_b,
          serial_bayou_pond_b, serial_bayou_pond_c, serial_shops,
          kennysheep_mini_moat, shop, kennysheep_little_box,
          nicolae_shop_overgrown_old_shop, shop_fountains
D:7:      layout_gridville, minmay_temple_entry_grid, uniq_joseph
D:8:      layout_rooms, grunt_ministairs_7
D:9:      layout_cross, kennysheep_orc_monster_closet_entryway, serial_shops,
          nicolae_diamond_shop, amcnicky_mini_pool_small, hangedman_ranch,
          uniq_harold
D:10:     layout_roguey, ebering_ghost_rock_garden, small_statue_intersection
D:11:     layout_roguey, erik_lair_orcish_takeover, minmay_librarian,
          uniq_nergalle, uniq_snorg
D:12:     layout_rooms, serial_shops, shop, dk_noncrumbling_3, uniq_erolcha
D:13:     minmay_guarded_unrand_guard, layout_basic
Temple:   regret_index_temple_chain_breaker

Skill      XL: |  1  2  3  4  5  6  7  8  9 10 11 12 |
---------------+-------------------------------------+-----
Spellcasting   | 5 6 7 8 10 12 14 16 17 | 17.6
Armour         | 1 2 3 4 |  4.2
Fighting       | 1 2 3 4 |  4.4
Conjurations   | 2 3 4 5 7 8 9 10 | 10.5
Fire Magic     | 1 3 5 7 8 9 |  9.5
Dodging        | 3 |  3.0
Stealth        | 3 4 |  4.1
Air Magic      | 1 2 |  2.1
Earth Magic    | 1 |  1.1
Evocations     | 1 |  1.0
Poison Magic   | 1 |  1.3
Transmutations | 1 |  1.0
Shields        | 1 3 4 |  4.0
Ice Magic      | 1 |  1.1
Summonings     | |  1.1
Translocations | |  1.1

Action                   |  1- 3 |  4- 6 |  7- 9 | 10-12 || total
-------------------------+-------+-------+-------+-------++-------
Melee: Staff             |       |    27 |    15 |       ||    42
       Whip              |       |       |    66 |   102 ||   168
       Spear             |       |       |       |    93 ||    93
 Cast: Magic Dart        |    95 |   109 |   175 |    69 ||   448
       Mephitic Cloud    |       |     4 |    31 |    43 ||    78
       Conjure Flame     |       |     4 |    27 |    44 ||    75
       Blink             |       |       |     2 |    10 ||    12
       Call Imp          |       |       |     2 |     7 ||     9
       Lightning Bolt    |       |       |       |    21 ||    21
       Fireball          |       |       |       |    41 ||    41
       Starburst         |       |       |       |    11 ||    11
       Freezing Cloud    |       |       |       |     2 ||     2
Evoke: Wand              |       |       |     4 |       ||     4
  Use: Scroll            |       |       |       |    15 ||    15
 Stab: Confused          |       |     1 |     8 |    15 ||    24
       Sleeping          |       |     1 |     1 |     1 ||     3
Armor: Leather armour    |     5 |    16 |    23 |       ||    44
       Steam dragon scal |       |       |    21 |    86 ||   107
Dodge: Dodged            |     6 |    30 |    96 |   133 ||   265

Table legend: (Time is in decaauts)
 A = Elapsed time spent in this place.
 B = Non-inter-level travel time spent in this place.
 C = Inter-level travel time spent in this place.
 D = Time resting spent in this place.
 E = Time spent auto-exploring this place.
 F = Levels seen in this place.
 G = Mean time per level.
                   A        B        C        D        E       F      G
               +--------+--------+--------+--------+--------+-----+--------+
         Total |  15695 |  14515 |   1180 |   1506 |  10441 |  14 | 1121.1 |
       Dungeon |  15571 |  14410 |   1161 |   1506 |  10401 |  13 | 1197.8 |
        Temple |    124 |    105 |     19 |      0 |     40 |   1 |  124.0 |
               +--------+--------+--------+--------+--------+-----+--------+

Top non-repeatable levels by time:
    D:11: 1742 daAuts
     D:6: 1621 daAuts
     D:9: 1417 daAuts
     D:1: 1388 daAuts
     D:4: 1351 daAuts
     D:8: 1328 daAuts
     D:7: 1278 daAuts
     D:5: 1105 daAuts
     D:2: 1055 daAuts
    D:10: 1036 daAuts
     D:3: 913 daAuts
    D:12: 864 daAuts
    D:13: 467 daAuts
  Temple: 124 daAuts
